 Dungeon Crawl Stone Soup version 0.23.2-1-ga50397a (webtiles) character file.

Game seed: 8088752151635887559

2663 keltmir the Magician (level 9, 0/71 HPs)
             Began as a Gnoll Skald on May 12, 2019.
             Was a Follower of Okawaru.
             Slain by a human
             ... wielding a +0 hand axe
              (9 damage)
             ... on level 7 of the Dungeon.
             The game lasted 00:27:28 (6931 turns).

keltmir the Magician (Gnoll Skald)                  Turns: 6931, Time: 00:27:28

Health: 0/71       AC: 11    Str: 16    XL:     9   Next: 63%
Magic:  17/19      EV: 15    Int: 17    God:    Okawaru [*.....]
Gold:   310        SH:  0    Dex: 14    Spells: 17/21 levels left

rFire    . . .     SeeInvis .   i - +2 mace (protect)
rCold    . . .     Gourm    .   (no shield)
rNeg     . . .     Faith    .   b - +0 leather armour
rPois    .         Spirit   .   (no helmet)
rElec    .         Reflect  .   y - scarf {cloud immunity}
rCorr    .         Harm     .   s - +0 pair of gloves (curse)
MR       .....                  (no boots)
Stlth    ++........             q - amulet of regeneration
HPRegen  0.61/turn              (no ring)
MPRegen  0.16/turn              (no ring)

@: protection aura
A: distributed training, fangs 1, strong nose
a: Heroism, Renounce Religion


You were on level 7 of the Dungeon.
You worshipped Okawaru.
Okawaru was aware of your devotion.
You were hungry.

You visited 2 branches of the dungeon, and saw 9 of its levels.

You collected 368 gold pieces.
You spent 58 gold pieces at shops.

Inventory:

Hand Weapons
 i - a +2 mace of protection (weapon)
 z - a cursed -2 hand axe
 B - a +2 scimitar of slicing
Missiles
 f - 5 javelins (quivered)
 p - 43 poisoned needles
 v - 2 curare-tipped needles
 E - 2 throwing nets
 G - 5 tomahawks
Armour
 b - a +0 leather armour (worn)
 s - a cursed +0 pair of gloves (worn)
 x - a +0 chain mail of poison resistance
 y - a scarf of cloud immunity (worn)
Jewellery
 e - a +1 ring of evasion
 q - an amulet of regeneration (around neck)
 D - an uncursed amulet of harm
 J - an uncursed amulet of rage
Wands
 o - a wand of polymorph (13)
 I - a wand of scattershot (5)
Scrolls
 c - 4 scrolls of teleportation
 g - a scroll of enchant weapon {unknown}
 k - 6 scrolls of remove curse
 m - 2 scrolls of enchant armour {unknown}
 n - a scroll of blinking
 t - 3 scrolls of amnesia
 A - 2 scrolls of fog
 H - 4 scrolls of identify
Potions
 a - 4 potions of lignification
 h - a potion of might
 j - a potion of cancellation {unknown}
 l - 2 potions of brilliance {unknown}
 r - 4 potions of curing
 u - a potion of heal wounds
 w - 2 potions of resistance {unknown}
Comestibles
 d - 12 rations


   Skills:
 + Level 6.4 Fighting
 + Level 4.3 Short Blades
 + Level 4.3 Long Blades
 + Level 4.3 Axes
 + Level 6.4 Maces & Flails
 + Level 4.3 Polearms
 + Level 4.3 Staves
 + Level 4.3 Slings
 + Level 4.3 Bows
 + Level 4.3 Crossbows
 + Level 4.3 Throwing
 + Level 5.1 Armour
 + Level 6.4 Dodging
 + Level 4.3 Stealth
 + Level 4.3 Shields
 + Level 4.3 Unarmed Combat
 + Level 6.7 Spellcasting
 + Level 3.6 Conjurations
 + Level 3.6 Hexes
 + Level 6.6 Charms
 + Level 3.6 Summonings
 + Level 3.6 Necromancy
 + Level 3.6 Translocations
 + Level 3.6 Transmutations
 + Level 3.6 Fire Magic
 + Level 3.6 Ice Magic
 + Level 3.6 Air Magic
 + Level 3.6 Earth Magic
 + Level 3.6 Poison Magic
 + Level 4.8 Invocations
 + Level 4.3 Evocations


You had 17 spell levels left.
You knew the following spells:

 Your Spells              Type           Power        Failure   Level  Hunger
a - Infusion              Chrm           ####         1%          1    None
b - Spectral Weapon       Hex/Chrm       ###.....     5%          3    ##.....

Your spell library contained the following spells:

 Spells                   Type           Power        Failure   Level  Hunger
 Song of Slaying          Chrm           ####....     1%          2    None
 Shroud of Golubria       Chrm/Tloc      ###.......   2%          2    None
 Sting                    Conj/Pois      ###.         3%          1    None
 Poisonous Vapours        Pois/Air       ###...       4%          2    None
 Regeneration             Chrm/Necr      ###.......   5%          3    ##.....
 Mephitic Cloud           Conj/Pois/Air  ###.....     10%         3    ##.....
 Olgreb's Toxic Radiance  Pois           ###.....     32%         4    ####...
 Venom Bolt               Conj/Pois      ###.......   65%         5    #####..


Dungeon Overview and Level Annotations

Branches:
Dungeon (8/15)             Temple (1/1) D:7
   Lair: D:8-11

Altars:
Ashenzari
Cheibriados
Dithmenos
Elyvilon
Fedhas
Gozag
Hepliaklqana
Kikubaaqudgha
Makhleb
Nemelex Xobeh
Okawaru
Qazlal
Ru
Sif Muna
Trog
Uskayaw
Vehumet
Wu Jian
Xom
Yredelemnul
Zin
The Shining One

Shops:
D:5 *

Annotations:
D:7 Prince Ribbit


Innate Abilities, Weirdness & Mutations

Your experience applies equally to all skills.
You have very sharp teeth.
Your uncanny sense of smell can sniff out nearby items.


Message History

The human is moderately wounded.
The human hits you but does no damage.
You hit the human but do no damage. Your bite misses the human.
The human is moderately wounded.
The human barely misses you.
You hit the human.
The human is heavily wounded.
The human hits you with a +0 hand axe.
* * * LOW HITPOINT WARNING * * *
You hit the human.
The human is heavily wounded.
The human completely misses you.
You sock the human!
The human is severely wounded.
The human hits you with a +0 hand axe.
* * * LOW HITPOINT WARNING * * *
You closely miss the human.
The human is severely wounded.
The human hits you with a +0 hand axe!
You die...

,* **,*,**
,*****,,*,*****###*
,,,,,,,,,,,,,,,...*
**+*******,****#.#*
*,* #.** #.#
**,***** #..***#.#
,+,+,,,* #..,,,#.#
**,***,* #.#**,#.#
*,* *,* #.# *,#@#
**,*##.###.# *<#p#
,,,,.......#####.#
**,***+**#..(p.[.#
*,* *,* #.#######
**,***,* #.#
,+,+,,,* #(#
**,***** #(# *,*
#.##


You could see a human.

Vanquished Creatures
  4 hogs (D:7)
  Duvessa (D:7)
  A water moccasin (D:7)
  2 phantoms
  A sky beast (D:5)
  2 ogres
  A crocodile (D:6)
  2 bullfrogs (D:6)
  Dowan (D:7)
  A scorpion (D:5)
  9 wights (D:7)
  A howler monkey (D:5)
  2 jellies
  2 crimson imps (D:7)
  2 centaur skeletons (D:4)
  An orc priest (D:5)
  5 hounds
  Natasha (twice) (D:4)
  2 worker ants
  A hound skeleton (D:4)
  8 adders
  4 gnolls
  A shadow imp (D:6)
  3 oozes
  3 worms
  2 dart slugs
  A leopard gecko (D:8)
  15 orcs
  2 giant cockroaches
  14 goblins
  16 hobgoblins
  8 jackals
  2 quokkas
  A ball python (D:2)
  9 bats
  3 frilled lizards
  A jackal skeleton (D:6)
  14 kobolds
  A quokka zombie (D:5)
  15 rats
166 creatures vanquished.

Vanquished Creatures (others)
  4 spectral weapons (D:7)
4 creatures vanquished.

Grand Total: 170 creatures vanquished

Notes
Turn   | Place    | Note
-------+----------+-------------------------------------------
     0 | D:1      | keltmir the Gnoll Skald began the quest for the Orb.
     0 | D:1      | Reached XP level 1. HP: 20/20 MP: 6/6
   208 | D:1      | Reached XP level 2. HP: 21/26 MP: 7/7
   443 | D:1      | Reached XP level 3. HP: 28/31 MP: 9/9
   454 | D:1      | Reached skill level 5 in Spellcasting
   683 | D:1      | Learned a level 3 spell: Spectral Weapon
   856 | D:2      | Noticed a moth of wrath
   859 | D:2      | Found a bloodstained altar of Trog.
  1165 | D:2      | Reached skill level 1 in Invocations
  1324 | D:2      | Reached skill level 1 in Short Blades
  1324 | D:2      | Reached skill level 1 in Long Blades
  1324 | D:2      | Reached skill level 1 in Axes
  1324 | D:2      | Reached skill level 1 in Polearms
  1324 | D:2      | Reached skill level 1 in Staves
  1324 | D:2      | Reached skill level 1 in Slings
  1324 | D:2      | Reached skill level 1 in Bows
  1324 | D:2      | Reached skill level 1 in Crossbows
  1324 | D:2      | Reached skill level 1 in Throwing
  1324 | D:2      | Reached skill level 1 in Stealth
  1324 | D:2      | Reached skill level 1 in Shields
  1324 | D:2      | Reached skill level 1 in Unarmed Combat
  1324 | D:2      | Reached skill level 1 in Evocations
  1376 | D:2      | Reached XP level 4. HP: 29/38 MP: 8/11
  2073 | D:2      | Reached skill level 1 in Conjurations
  2073 | D:2      | Reached skill level 1 in Hexes
  2073 | D:2      | Reached skill level 1 in Summonings
  2073 | D:2      | Reached skill level 1 in Necromancy
  2073 | D:2      | Reached skill level 1 in Translocations
  2073 | D:2      | Reached skill level 1 in Transmutations
  2073 | D:2      | Reached skill level 1 in Fire Magic
  2073 | D:2      | Reached skill level 1 in Ice Magic
  2073 | D:2      | Reached skill level 1 in Air Magic
  2073 | D:2      | Reached skill level 1 in Earth Magic
  2073 | D:2      | Reached skill level 1 in Poison Magic
  2341 | D:3      | Reached XP level 5. HP: 43/43 MP: 7/12
  3077 | D:4      | Noticed an ogre
  3196 | D:4      | Reached XP level 6. HP: 50/50 MP: 10/13
  3252 | D:4      | Noticed a phantom
  3291 | D:4      | Killed a phantom
  3291 | D:4      | Reached skill level 5 in Fighting
  3291 | D:4      | Reached skill level 5 in Maces & Flails
  3291 | D:4      | Reached skill level 5 in Dodging
  3329 | D:4      | Found a burning altar of Makhleb.
  3647 | D:4      | Reached XP level 7. HP: 56/56 MP: 9/15
  3676 | D:4      | Noticed Natasha
  3679 | D:4      | Killed Natasha
  3692 | D:4      | Noticed Natasha
  3698 | D:4      | Killed Natasha
  3863 | D:5      | Entered Level 5 of the Dungeon
  3894 | D:5      | Found Utoegaf's Assorted Antiques.
  4003 | D:5      | Found a bloodstained altar of Trog.
  4072 | D:5      | Bought a scroll labeled AJEMAN AHOFAUT for 29 gold pieces
  4072 | D:5      | Bought a scroll labeled BUSAODDO XEWE for 29 gold pieces
  4130 | D:5      | Reached XP level 8. HP: 61/63 MP: 16/16
  5825 | D:6      | You fall through a shaft for 2 floors!
  5846 | D:8      | Found a hide-covered altar of Uskayaw.
  6164 | D:7      | Found a staircase to the Ecumenical Temple.
  6212 | D:7      | Reached XP level 9. HP: 64/69 MP: 16/18
  6245 | Temple   | Entered the Ecumenical Temple
  6381 | Temple   | Became a worshipper of Warmaster Okawaru
  6533 | D:7      | Noticed Duvessa
  6534 | D:7      | Noticed Dowan
  6552 | D:7      | Killed Duvessa
  6572 | D:7      | Killed Dowan
  6669 | D:7      | Noticed Prince Ribbit
  6880 | D:7      | Reached * piety under Okawaru
  6891 | D:7      | Reached skill level 5 in Armour
  6931 | D:7      | Slain by a human

Skill      XL: |  1  2  3  4  5  6  7  8  9 |
---------------+----------------------------+-----
Spellcasting   | 5 6 |  6.7
Invocations    | 1 2 3 4 |  4.8
Short Blades   | 1 2 3 4 |  4.3
Long Blades    | 1 2 3 4 |  4.3
Axes           | 1 2 3 4 |  4.3
Polearms       | 1 2 3 4 |  4.3
Staves         | 1 2 3 4 |  4.3
Slings         | 1 2 3 4 |  4.3
Bows           | 1 2 3 4 |  4.3
Crossbows      | 1 2 3 4 |  4.3
Throwing       | 1 2 3 4 |  4.3
Stealth        | 1 2 3 4 |  4.3
Shields        | 1 2 3 4 |  4.3
Unarmed Combat | 1 2 3 4 |  4.3
Evocations     | 1 2 3 4 |  4.3
Conjurations   | 1 2 3 |  3.6
Hexes          | 1 2 3 |  3.6
Summonings     | 1 2 3 |  3.6
Necromancy     | 1 2 3 |  3.6
Translocations | 1 2 3 |  3.6
Transmutations | 1 2 3 |  3.6
Fire Magic     | 1 2 3 |  3.6
Ice Magic      | 1 2 3 |  3.6
Air Magic      | 1 2 3 |  3.6
Earth Magic    | 1 2 3 |  3.6
Poison Magic   | 1 2 3 |  3.6
Armour         | 3 4 5 |  5.1
Fighting       | 5 6 |  6.4
Maces & Flails | 5 6 |  6.4
Dodging        | 5 6 |  6.4
Charms         | 6 |  6.6

Action                   |  1- 3 |  4- 6 |  7- 9 || total
-------------------------+-------+-------+-------++-------
Melee: Mace              |   118 |   145 |   244 ||   507
       Bite              |    10 |    19 |    24 ||    53
       Punch             |     1 |     1 |     4 ||     6
       Whip              |       |    11 |       ||    11
Throw: Javelin           |     1 |    10 |    66 ||    77
       Throwing net      |       |       |     1 ||     1
 Cast: Infusion          |     3 |     8 |     6 ||    17
       Spectral Weapon   |     2 |     8 |    20 ||    30
  Use: Scroll            |       |     9 |     4 ||    13
       Potion            |       |       |     2 ||     2
 Stab: Sleeping          |     3 |     2 |     3 ||     8
       Distracted        |       |       |     4 ||     4
  Eat: Chunk             |     2 |     7 |    12 ||    21
Armor: Leather armour    |    16 |    55 |    63 ||   134
Dodge: Dodged            |    91 |   158 |   189 ||   438
